 Dungeon Crawl Stone Soup version 0.31-a0-988-g08d55dae12 (webtiles) character file.

Game seed: 8387105732058502392

412 BinkBink the Ducker (level 6, -2/39 HPs)
             Began as a Tengu Monk on Nov 5, 2023.
             Slain by a killer bee (4 damage)
             ... on level 7 of the Dungeon.
             The game lasted 00:03:00 (2541 turns).

BinkBink the Ducker (Tengu Monk)                    Turns: 2541, Time: 00:03:01

Health: -2/39      AC:  2    Str: 14    XL:     6   Next: 90%
Magic:  7/7        EV: 14    Int: 10    God:
Gold:   222        SH:  0    Dex: 16    Spells: 5/5 levels left

rFire   . . .        f - +1 mace (holy)
rCold   . . .        d - orb {light}
rNeg    . . .        b - +0 robe
rPois   .            (helmet restricted)
rElec   .            (no cloak)
rCorr   .            (no gloves)
SInv    .            (boots unavailable)
Will    .....        (no amulet)
Stlth   +            (no ring)
HPRegen 0.26/turn    (no ring)
MPRegen 0.10/turn

%: acrobat
@: confused, lethally poisoned (-2 -> -8), ambrosia-drunk, glowing
A: beak, talons 3, acrobatic
a: no special abilities


You were on level 7 of the Dungeon.
You visited 1 branch of the dungeon, and saw 5 of its levels.

You collected 222 gold pieces.

Inventory:

Hand Weapons
 f - a +1 mace of holy wrath (weapon)
Armour
 b - a +0 robe (worn)
 d - an orb of light (worn)
Jewellery
 i - a ring of magical power
Wands
 p - a wand of charming (4)
Scrolls
 e - 5 scrolls of identify {unknown}
 h - a scroll of poison {unknown}
 j - a scroll of noise {unknown}
 k - a scroll of enchant armour {unknown}
 l - a scroll of butterflies {unknown}
 o - a scroll of teleportation {unknown}
Potions
 a - a potion of degeneration {unknown}
 c - a potion of ambrosia
 g - a potion of brilliance {unknown}
 m - a potion of attraction {unknown}
 n - a potion of might {unknown}


   Skills:
 + Level 4.5 Fighting
 - Level 3.5(4.7) Axes
 * Level 4.8(5.4) Maces & Flails
 + Level 5.0 Dodging


You had 5 spell levels left.
You didn't know any spells.
Your spell library contained the following spells:

 Spells                   Type           Power      Damage    Failure   Level
 Sublimation of Blood     Necr           0%         N/A       50%         2
 Wereblood                Tmut           0%         N/A       50%         2
 Borgnjor's Vile Clutch   Necr/Erth      0%         N/A       100%        5
 Irradiate                Conj/Tmut      0%         3d11      100%        5
 Eringya's Noxious Bog    Tmut/Pois      0%         4d6       100%        6
 Summon Hydra             Summ           0%         N/A       100%        7


Dungeon Overview and Level Annotations

Branches:
Dungeon (4/15)
 Temple: D:4-7

Altars:
Uskayaw
Xom
Zin

Shops:
D:1 :

Annotations:
D:4 2 runed translucent doors


Innate Abilities, Weirdness & Mutations

You have a beak for a mouth.
You have claws for feet.
You can magically evade attacks while moving or waiting.


Message History

The howler monkey hits you. x2
* * * LOW HITPOINT WARNING * * *
You hit the howler monkey.
The howler monkey is almost dead.
The howler monkey hoots and howls with incredible vigour!
You hear an angry buzzing noise. x2
You completely miss the howler monkey. You claw the howler monkey.
You kill the howler monkey!
You hear the faint creaking of a distant portcullis.
Your Dodging skill increases to level 5!
Found a ring mail.
You see here a +0 club.
You see here a +0 ring mail.
You see here a +0 ring mail.
You see here a +0 club.
A killer bee comes into view.
The killer bee buzzes angrily.
You hear an angry buzzing noise.
A killer bee comes into view.
A killer bee comes into view.
The killer bee buzzes angrily.
You hear an angry buzzing noise.
A killer bee comes into view. x2
The killer bee stings you!
The killer bee buzzes angrily.
You hear an angry buzzing noise.
A killer bee comes into view.
The killer bee completely misses you. The killer bee completely misses you.
The killer bee closely misses you.
You thump the killer bee! Your kick misses the killer bee.
The killer bee is moderately wounded.
The killer bee stings you.
* * * LOW HITPOINT WARNING * * *
The killer bee stings you!
* * * LOW HITPOINT WARNING * * *
You are lethally poisoned!
The killer bee poisons you! The killer bee barely misses you.
You are confused.
You feel invigorated.
* * * LOW HITPOINT WARNING * * *
You feel very sick. The killer bee stings you.
You die...

.#
##..####....##
.># ###..##
###.##
...##...## ###
.......## ###
.......##
#..##
...†....##
....
..####...##
##..# .
##...## #..#
##...## ##@y#
##...###y.##
##.....yy#
##...y.##
#...y.#
##....##
##......##
##........##
##...####..)#


You could see 6 killer bees.

Vanquished Creatures
  2 centaurs (D:7)
  A scorpion (D:4)
  2 howler monkeys
  A hound (D:4)
  An adder (D:3)
  4 worms
  4 dart slugs
  An orc (D:3)
  4 endoplasms
  3 giant cockroaches
  6 goblins
  5 hobgoblins
  9 kobolds
  2 quokkas (D:3)
  5 ball pythons
  5 bats
  6 frilled lizards
  4 rats
65 creatures vanquished.

Notes
Turn   | Place    | Note
-------+----------+-------------------------------------------
     0 | D:1      | BinkBink the Tengu Monk began the quest for the Orb.
     0 | D:1      | Reached XP level 1. HP: 14/14 MP: 2/2
   104 | D:1      | Found Kefimuab's Book Emporium.
   112 | D:1      | Reached XP level 2. HP: 18/19 MP: 3/3
   465 | D:1      | Reached skill level 1 in Maces & Flails
   468 | D:1      | Found a faded altar of an unknown god.
   694 | D:1      | Reached XP level 3. HP: 21/23 MP: 4/4
  1122 | D:2      | Identified the of Nascheuh
  1451 | D:2      | Reached XP level 4. HP: 24/28 MP: 5/5
  1734 | D:3      | Reached skill level 4 in Dodging
  2214 | D:4      | Noticed a scorpion
  2219 | D:4      | Reached XP level 5. HP: 27/33 MP: 6/6
  2273 | D:4      | Noticed an angel
  2274 | D:4      | Found a shimmering altar of Xom.
  2278 | D:4      | Found a glowing silver altar of Zin.
  2343 | D:4      | Found a large runed translucent door.
  2350 | D:4      | Found a large runed translucent door.
  2351 | D:4      | You fall into a shaft and drop 3 floors!
  2352 | D:7      | Found a hide-covered altar of Uskayaw.
  2352 | D:7      | Noticed a centaur
  2361 | D:7      | Killed a centaur
  2362 | D:7      | Reached XP level 6. HP: 11/39 MP: 7/7
  2501 | D:7      | Reached skill level 5 in Dodging
  2541 | D:7      | Slain by a killer bee

Illustrated notes

Levels and vault maps discovered:
D:1:      dpeg_arrival_simpleton_a, layout_basic, serial_shops,
          nicolae_shop_crystal, serial_co_window_serial, co_window_paths_b,
          co_window_paths_a, co_window_paths_a, co_window_of_opportunity_a,
          co_window_paths_b, co_window_broadway_a, co_window_corner_b,
          co_window_corner_b, shapermc_ecumenical_altar_mp_vishouse
D:2:      layout_rooms, chequers_serial_rivers_micro_b, grunt_decor_fettered
D:3:      layout_loops_cross
D:4:      kennysheep_six_static_rooms, layout_basic,
          grunt_temple_overflow_order_and_chaos_1, jmf_multi_god_temple2,
          kennysheep_generic_room_13
D:7:      layout_layer_cave, mainiacjoe_overflow_alcove_4,
          trog_three_pillars_becter, minmay_temple_entry_sparse_star,
          enter_bailey_6, uniq_prince_ribbit1

Skill      XL: |  1  2  3  4  5  6 |
---------------+-------------------+-----
Maces & Flails | 1 2 3 4 |  4.8
Dodging        | 4 5 |  5.0
Fighting       | 4 |  4.5
Axes           | |  3.5

Action                     |  1- 3 |  4- 6 || total
---------------------------+-------+-------++-------
  Melee: Hand axe          |    16 |       ||    16
         Peck              |    15 |    13 ||    28
         Kick              |    19 |    19 ||    38
         Mace              |    66 |    53 ||   119
    Use: Potion            |       |     1 ||     1
 Armour: Robe              |    27 |    40 ||    67
  Dodge: Dodged            |    63 |    50 ||   113

Table legend: (Time is in decaauts)
 A = Elapsed time spent in this place.
 B = Non-inter-level travel time spent in this place.
 C = Inter-level travel time spent in this place.
 D = Time resting spent in this place.
 E = Time spent auto-exploring this place.
 F = Levels seen in this place.
 G = Mean time per level.
                   A        B        C        D        E       F      G
               +--------+--------+--------+--------+--------+-----+--------+
         Total |   2569 |   2508 |     61 |    222 |   1839 |   5 |  513.8 |
       Dungeon |   2569 |   2508 |     61 |    222 |   1839 |   5 |  513.8 |
               +--------+--------+--------+--------+--------+-----+--------+

Top non-repeatable levels by time:
     D:1: 1133 daAuts
     D:3: 702 daAuts
     D:2: 401 daAuts
     D:7: 192 daAuts
     D:4: 140 daAuts
